General information
			
			
        
        - name: BNet
 
        - type: Ladder team game (AT/RT)
 
        - host: Battle.net
 
        - saver: TALONSAREIMBA
 
        
map: Cherryville 
        - players: 8
 
        - length: 23:17
 
        - speed: Fast
 - version: 1.22 W3XP
 - replay type:  Public
 
» download(293 KB)
Players
        team 1 (winner) 
              
              
CORRUPTEDEVIL (
pink | 114 APM | 2643 actions | 23:16)
              
 4 Keeper of the Grove 
 2 Entangling Roots
 2 Thorns Aura
 
                » actions 
                
                | Assign group hotkey | 76 |  | 
| Basic commands | 6 |  | 
| Build / train | 44 |  | 
| ESC pressed | 1 |  | 
| Enter build submenu | 17 |  | 
| Enter hero's abilities submenu | 4 |  | 
| Remove unit from queue | 11 |  | 
| Right click | 1351 |  | 
| Select / deselect | 354 |  | 
| Select group hotkey | 726 |  | 
| Use ability | 53 |  | 
                2643 total
 » units 
                » upgrades
                
                | Moon Armor | 1 |  | 
| Strength of the Moon | 1 |  | 
                2 total
 » buildings
                
                | Altar of Elders | 1 |  | 
| Moon Well | 4 |  | 
| Hunter's Hall | 1 |  | 
| Ancient of War | 2 |  | 
| Ancient Protector | 2 |  | 
| Tree of Life | 3 |  | 
                13 total
 » build order
                00:10 Altar of Elders
00:21 Moon Well
01:52 Hunter's Hall
02:02 Ancient of War
02:16 Ancient of War
02:27 Moon Well
04:21 Moon Well
08:37 Moon Well
10:41 Ancient Protector
10:45 Ancient Protector
11:05 Tree of Life
14:46 Tree of Life
20:10 Tree of Life
» items
                 
               
              
              
KNIFE]NOOBELF (
red | 92 APM | 2138 actions | 23:16)
              
 5 Mountain King 
 3 Storm Bolt
 2 Bash
 
                » actions 
                
                | Assign group hotkey | 76 |  | 
| Basic commands | 51 |  | 
| Build / train | 80 |  | 
| ESC pressed | 1 |  | 
| Enter build submenu | 23 |  | 
| Enter hero's abilities submenu | 5 |  | 
| Give item / drop item | 1 |  | 
| Remove unit from queue | 3 |  | 
| Right click | 1015 |  | 
| Select / deselect | 260 |  | 
| Select group hotkey | 578 |  | 
| Use ability | 45 |  | 
                2138 total
 » units 
                
                | Peasant | 10 |  | 
| Footman | 5 |  | 
| Rifleman | 3 |  | 
| Flying Machine | 25 |  | 
| Siege Engine | 5 |  | 
                48 total
 » upgrades
                
                | Gunpowder | 3 |  | 
| Plating | 3 |  | 
| Flak Cannons | 1 |  | 
| Barrage | 1 |  | 
                8 total
 » buildings
                
                | Altar of Kings | 1 |  | 
| Farm | 9 |  | 
| Barracks | 1 |  | 
| Lumber Mill | 2 |  | 
| Scout Tower | 4 |  | 
| Arcane Tower | 1 |  | 
| Arcane Vault | 1 |  | 
| Guard Tower | 3 |  | 
| Blacksmith | 1 |  | 
| Keep | 1 |  | 
| Castle | 1 |  | 
| Workshop | 2 |  | 
| Town Hall | 1 |  | 
                28 total
 » build order
                00:07 Altar of Kings
00:19 Farm
01:11 Barracks
01:20 Lumber Mill
01:29 Farm
01:44 Scout Tower
02:19 Arcane Tower
02:25 Lumber Mill
02:30 Scout Tower
02:32 Scout Tower
02:49 Arcane Vault
02:53 Farm
03:11 Farm
03:19 Guard Tower
03:25 Guard Tower
03:44 Blacksmith
04:10 Scout Tower
04:43 Keep
05:44 Farm
05:46 Farm
07:37 Castle
07:42 Workshop
07:44 Workshop
11:06 Guard Tower
17:45 Farm
22:09 Town Hall
22:51 Farm
22:52 Farm
» items
                
                | Potion of Healing | 3 |  | 
| Scroll of Regeneration | 2 |  | 
| Scroll of Town Portal | 4 |  | 
                9 total
  
               
              
              
TALONSAREIMBA (
purple | 114 APM | 2647 actions | 23:17)
              
 5 Death Knight 
 3 Death Coil
 2 Unholy Aura
 6 Lich 
 3 Frost Nova
 3 Dark Ritual
 5 Dreadlord 
 3 Sleep
 2 Carrion Swarm
 
                » actions 
                
                | Assign group hotkey | 23 |  | 
| Basic commands | 196 |  | 
| Build / train | 59 |  | 
| Enter build submenu | 14 |  | 
| Enter hero's abilities submenu | 19 |  | 
| Give item / drop item | 5 |  | 
| Right click | 1378 |  | 
| Select / deselect | 370 |  | 
| Select group hotkey | 461 |  | 
| Use ability | 122 |  | 
                2647 total
 » units 
                
                | Acolyte | 2 |  | 
| Ghoul | 2 |  | 
| Crypt Fiend | 7 |  | 
| Frost Wyrm | 6 |  | 
                17 total
 » upgrades
                
                | Burrow | 1 |  | 
| Web | 1 |  | 
| Creature Carapace | 2 |  | 
| Creature Attack | 3 |  | 
| Freezing Breath | 1 |  | 
                8 total
 » buildings
                
                | Crypt | 1 |  | 
| Graveyard | 1 |  | 
| Altar of Darkness | 1 |  | 
| Ziggurat | 7 |  | 
| Tomb of Relics | 1 |  | 
| Halls of the Dead | 1 |  | 
| Black Citadel | 1 |  | 
| Sacrificial Pit | 1 |  | 
| Boneyard | 2 |  | 
| Spirit Tower | 2 |  | 
                18 total
 » build order
                00:06 Crypt
00:18 Graveyard
00:43 Altar of Darkness
00:58 Ziggurat
01:24 Tomb of Relics
01:52 Ziggurat
03:46 Halls of the Dead
04:26 Ziggurat
06:26 Black Citadel
07:32 Sacrificial Pit
08:17 Ziggurat
08:19 Ziggurat
08:52 Boneyard
08:58 Boneyard
11:38 Ziggurat
13:19 Spirit Tower
13:24 Spirit Tower
18:28 Ziggurat
» items
                
                | Rod of Necromancy | 2 |  | 
| Potion of Mana | 2 |  | 
| Orb of Corruption | 2 |  | 
| Potion of Healing | 1 |  | 
| Scroll of Town Portal | 2 |  | 
| Scroll of Healing | 1 |  | 
                10 total
  
               
              
              
» 
timg4strOK (
orange | 175 APM | 4075 actions | 23:16)
              
 5 Archmage 
 3 Summon Water Elemental
 2 Brilliance Aura
 4 Mountain King 
 2 Storm Bolt
 2 Bash
 
                » actions 
                
                | Assign group hotkey | 21 |  | 
| Basic commands | 98 |  | 
| Build / train | 56 |  | 
| ESC pressed | 3 |  | 
| Enter build submenu | 29 |  | 
| Enter hero's abilities submenu | 9 |  | 
| Give item / drop item | 2 |  | 
| Right click | 1844 |  | 
| Select / deselect | 284 |  | 
| Select group hotkey | 1636 |  | 
| Use ability | 93 |  | 
                4075 total
 » units 
                
                | Peasant | 15 |  | 
| Footman | 7 |  | 
| Gryphon Rider | 8 |  | 
                30 total
 » upgrades
                
                | Storm Hammers | 1 |  | 
| Armor | 2 |  | 
| Animal War Training | 1 |  | 
| Swords | 2 |  | 
                6 total
 » buildings
                
                | Altar of Kings | 1 |  | 
| Barracks | 1 |  | 
| Farm | 10 |  | 
| Scout Tower | 5 |  | 
| Keep | 1 |  | 
| Arcane Tower | 1 |  | 
| Lumber Mill | 1 |  | 
| Castle | 1 |  | 
| Blacksmith | 1 |  | 
| Gryphon Aviary | 2 |  | 
| Guard Tower | 1 |  | 
| Arcane Vault | 2 |  | 
| Town Hall | 3 |  | 
                30 total
 » build order
                00:02 Altar of Kings
00:09 Barracks
00:22 Farm
00:53 Farm
01:27 Farm
02:17 Scout Tower
03:06 Keep
03:16 Farm
03:36 Arcane Tower
03:47 Lumber Mill
06:41 Castle
06:44 Scout Tower
06:47 Scout Tower
06:48 Scout Tower
06:50 Blacksmith
06:54 Scout Tower
07:35 Gryphon Aviary
07:38 Gryphon Aviary
07:46 Guard Tower
08:46 Farm
08:49 Farm
08:50 Farm
08:53 Farm
09:06 Arcane Vault
13:46 Farm
13:47 Farm
14:44 Town Hall
16:42 Arcane Vault
17:30 Town Hall
19:18 Town Hall
» items
                
                | Staff of Sanctuary | 1 |  | 
| Scroll of Regeneration | 1 |  | 
| Scroll of Town Portal | 2 |  | 
                4 total
  
               team 2 (loser) 
              
              
» 
BathingApe. (
blue | 193 APM | 4434 actions | 23:00)
              
 5 Death Knight 
 3 Death Coil
 2 Unholy Aura
 5 Lich 
 3 Frost Nova
 2 Frost Armor
 3 Dreadlord 
 2 Sleep
 1 Carrion Swarm
 
                » actions 
                
                | Assign group hotkey | 44 |  | 
| Basic commands | 2 |  | 
| Build / train | 79 |  | 
| ESC pressed | 4 |  | 
| Enter build submenu | 20 |  | 
| Enter hero's abilities submenu | 14 |  | 
| Give item / drop item | 3 |  | 
| Right click | 2322 |  | 
| Select / deselect | 777 |  | 
| Select group hotkey | 1003 |  | 
| Use ability | 166 |  | 
                4434 total
 » units 
                
                | Acolyte | 2 |  | 
| Ghoul | 2 |  | 
| Crypt Fiend | 9 |  | 
| Frost Wyrm | 15 |  | 
                28 total
 » upgrades
                
                | Creature Attack | 3 |  | 
| Creature Carapace | 2 |  | 
| Burrow | 1 |  | 
| Freezing Breath | 1 |  | 
| Web | 1 |  | 
                8 total
 » buildings
                
                | Graveyard | 1 |  | 
| Crypt | 2 |  | 
| Altar of Darkness | 1 |  | 
| Ziggurat | 10 |  | 
| Tomb of Relics | 1 |  | 
| Halls of the Dead | 2 |  | 
| Nerubian Tower | 1 |  | 
| Black Citadel | 2 |  | 
| Sacrificial Pit | 1 |  | 
| Boneyard | 4 |  | 
                25 total
 » build order
                00:06 Graveyard
00:14 Crypt
00:34 Altar of Darkness
00:41 Ziggurat
01:00 Tomb of Relics
01:53 Ziggurat
02:24 Halls of the Dead
02:25 Crypt
03:32 Nerubian Tower
04:06 Ziggurat
04:09 Ziggurat
04:24 Ziggurat
05:20 Black Citadel
07:07 Sacrificial Pit
08:47 Boneyard
08:47 Boneyard
08:59 Boneyard
09:28 Ziggurat
09:28 Ziggurat
09:30 Ziggurat
14:49 Ziggurat
16:36 Boneyard
17:09 Ziggurat
» items
                
                | Rod of Necromancy | 4 |  | 
| Dust of Appearance | 1 |  | 
| Orb of Corruption | 1 |  | 
| Scroll of Healing | 3 |  | 
| Scroll of Town Portal | 3 |  | 
| Potion of Healing | 2 |  | 
                14 total
  
               
              
              
CHuCHie (
green | 48 APM | 1118 actions | 23:13)
              
 2 Priestess of the Moon 
 1 Trueshot Aura
 1 Scout
 
                » actions 
                
                | Assign group hotkey | 16 |  | 
| Basic commands | 93 |  | 
| Build / train | 40 |  | 
| Enter build submenu | 6 |  | 
| Enter hero's abilities submenu | 2 |  | 
| Give item / drop item | 2 |  | 
| Remove unit from queue | 2 |  | 
| Right click | 627 |  | 
| Select / deselect | 176 |  | 
| Select group hotkey | 106 |  | 
| Use ability | 48 |  | 
                1118 total
 » units 
                » buildings
                
                | Altar of Elders | 1 |  | 
| Moon Well | 2 |  | 
| Tree of Life | 2 |  | 
                5 total
 » build order
                00:11 Altar of Elders
00:21 Moon Well
05:12 Moon Well
11:26 Tree of Life
14:36 Tree of Life
 
               
              
              
» 
SoulStandered (
teal | 146 APM | 3390 actions | 23:15)
              
 4 Blademaster 
 2 Wind Walk
 2 Critical Strike
 3 Tauren Chieftain 
 1 Endurance Aura
 2 Shockwave
 
                » actions 
                
                | Assign group hotkey | 440 |  | 
| Basic commands | 6 |  | 
| Build / train | 75 |  | 
| Enter build submenu | 14 |  | 
| Enter hero's abilities submenu | 7 |  | 
| Give item / drop item | 5 |  | 
| Remove unit from queue | 1 |  | 
| Right click | 1283 |  | 
| Select / deselect | 356 |  | 
| Select group hotkey | 1082 |  | 
| Use ability | 121 |  | 
                3390 total
 » units 
                
                | Peon | 10 |  | 
| Grunt | 8 |  | 
| Wind Rider | 11 |  | 
| Troll Batrider | 15 |  | 
                44 total
 » upgrades
                
                | Ranged Weapons | 2 |  | 
| Envenomed Spears | 1 |  | 
                3 total
 » buildings
                
                | Altar of Storms | 1 |  | 
| Orc Burrow | 7 |  | 
| Barracks | 1 |  | 
| Voodoo Lounge | 1 |  | 
| Stronghold | 1 |  | 
| War Mill | 1 |  | 
| Beastiary | 2 |  | 
| Fortress | 1 |  | 
                15 total
 » build order
                00:09 Altar of Storms
00:22 Orc Burrow
00:36 Barracks
01:31 Orc Burrow
02:06 Voodoo Lounge
03:11 Stronghold
03:32 Orc Burrow
04:15 War Mill
05:50 Beastiary
06:40 Beastiary
06:43 Orc Burrow
09:03 Orc Burrow
11:16 Fortress
13:07 Orc Burrow
18:39 Orc Burrow
» items
                
                | Healing Salve | 2 |  | 
| Scroll of Speed | 2 |  | 
| Staff of Teleportation | 2 |  | 
| Dust of Appearance | 1 |  | 
| Scroll of Town Portal | 4 |  | 
| Scroll of Healing | 1 |  | 
| Scroll of Regeneration | 2 |  | 
| Lesser Clarity Potion | 2 |  | 
                16 total
  
               
              
              
» 
YahelisLeveled (
yellow | 84 APM | 1933 actions | 22:57)
              
 4 Blood Mage 
 2 Flame Strike
 2 Banish
 
                » actions 
                
                | Assign group hotkey | 21 |  | 
| Basic commands | 112 |  | 
| Build / train | 92 |  | 
| ESC pressed | 12 |  | 
| Enter build submenu | 47 |  | 
| Enter hero's abilities submenu | 4 |  | 
| Give item / drop item | 3 |  | 
| Right click | 833 |  | 
| Select / deselect | 301 |  | 
| Select group hotkey | 419 |  | 
| Use ability | 89 |  | 
                1933 total
 » units 
                
                | Peasant | 20 |  | 
| Gryphon Rider | 5 |  | 
| Flying Machine | 31 |  | 
                56 total
 » upgrades
                
                | Masonry | 3 |  | 
| Gunpowder | 2 |  | 
| Fragmentation Shards | 1 |  | 
| Flak Cannons | 1 |  | 
| Lumber Harvesting | 1 |  | 
                8 total
 » buildings
                
                | Altar of Kings | 2 |  | 
| Farm | 11 |  | 
| Lumber Mill | 1 |  | 
| Scout Tower | 16 |  | 
| Arcane Vault | 1 |  | 
| Guard Tower | 12 |  | 
| Keep | 2 |  | 
| Blacksmith | 1 |  | 
| Castle | 1 |  | 
| Gryphon Aviary | 2 |  | 
| Workshop | 4 |  | 
| Town Hall | 2 |  | 
                55 total
 » build order
                00:10 Altar of Kings
00:35 Farm
00:51 Lumber Mill
01:00 Farm
01:06 Scout Tower
01:35 Scout Tower
01:48 Arcane Vault
01:57 Guard Tower
02:12 Guard Tower
02:26 Scout Tower
03:02 Keep
03:03 Keep
03:16 Guard Tower
03:21 Farm
03:25 Farm
04:27 Farm
05:22 Blacksmith
05:33 Castle
06:33 Gryphon Aviary
06:36 Gryphon Aviary
08:18 Workshop
08:22 Workshop
09:14 Farm
09:18 Farm
09:57 Scout Tower
09:58 Scout Tower
09:58 Scout Tower
10:01 Town Hall
10:31 Guard Tower
10:31 Guard Tower
10:34 Scout Tower
10:35 Scout Tower
10:37 Guard Tower
10:39 Scout Tower
10:47 Scout Tower
11:09 Guard Tower
11:09 Guard Tower
11:25 Guard Tower
11:56 Scout Tower
11:57 Scout Tower
11:57 Scout Tower
12:27 Guard Tower
12:40 Scout Tower
12:41 Scout Tower
12:42 Scout Tower
13:09 Guard Tower
13:10 Guard Tower
13:45 Farm
15:59 Farm
17:20 Town Hall
20:39 Workshop
20:42 Workshop
20:45 Farm
20:47 Farm
21:04 Altar of Kings
» items
                
                | Scroll of Regeneration | 2 |  | 
| Orb of Fire | 2 |  | 
| Staff of Sanctuary | 1 |  | 
| Scroll of Town Portal | 2 |  | 
| Potion of Healing | 1 |  | 
                8 total
  
                Chat log
          (00:11 / All) BathingApe.: HI PROS OMFG
(00:19 / All) timg4strOK: no hacks thanks
(00:21 / All) TALONSAREIMBA: Stfu blackie
(00:21 / All) BathingApe.: CAN U SHITLIST ME FROM GGL AFTER THIS RAPE? ILL FEEL BETTER
(00:23 / All) TALONSAREIMBA: aka yeti
(00:25 / All) BathingApe.: IM
(00:27 / All) BathingApe.: NOSNITCHIN
(00:28 / All) BathingApe.: NOT YETI
(00:30 / All) BathingApe.: IM NO NIGGER
(00:31 / All) TALONSAREIMBA: well you're a nigger
(00:33 / All) KNIFE]NOOBELF: nah youre ipbanned i think
(00:35 / All) KNIFE]NOOBELF: i dont need to
(00:40 / All) BathingApe.: NICE
(00:41 / All) SoulStandered: whats good corr and talons ^^
(00:44 / All) timg4strOK: no hacks Thank's guys
(00:44 / All) CORRUPTEDEVIL: hi
(00:54 / All) SoulStandered: PEW 
(00:54 / All) SoulStandered: PEW
(00:55 / All) SoulStandered: PEW
(00:56 / All) SoulStandered: PEW
(01:02 / All) TALONSAREIMBA: donald free win me and corr
(01:03 / All) CHuCHie: PEWPEPEPWP
(01:05 / All) CHuCHie: PEW PEWPEWP
(01:07 / All) TALONSAREIMBA: whats 1 loss to you
(01:11 / All) CHuCHie: stfu hacker
(01:14 / All) YahelisLeveled: um
(01:14 / All) SoulStandered: -.0001%
(01:15 / All) BathingApe.: DOOD
(01:16 / All) BathingApe.: IM FUCKING
(01:17 / All) SoulStandered: thats 1 lose..
(01:18 / All) YahelisLeveled: thats a lot
(01:19 / All) BathingApe.: 83%
(01:22 / All) BathingApe.: WOW
(01:23 / All) timg4strOK: no hacks please
(01:24 / All) BathingApe.: U KNOW
(01:24 / All) BathingApe.: HOW HARD
(01:25 / All) BathingApe.: I TRIED
(01:27 / All) BathingApe.: TO GET THAT
(01:28 / All) BathingApe.: FUCK NIG
(01:31 / All) TALONSAREIMBA: Dam didn't know
(01:32 / All) BathingApe.: NO FW
(01:36 / All) TALONSAREIMBA: donald played with haxors
(01:42 / All) SoulStandered: they dont hack
(01:43 / All) CHuCHie: u
(01:45 / All) BathingApe.: I BOUGHT
(01:47 / All) BathingApe.: HACKS
(01:49 / All) BathingApe.: FROM THE MONEY
(01:49 / All) BathingApe.: I MADE
(01:49 / All) timg4strOK: No Hacks Please And Thank You.
(01:52 / All) BathingApe.: WITH NOSNITCHIN
(01:56 / All) BathingApe.: FEEL ME?
(02:01 / All) KNIFE]NOOBELF: why are you yelling at us
(02:05 / All) BathingApe.: CUZ
(02:06 / All) TALONSAREIMBA: caps off snitchin
(02:07 / All) TALONSAREIMBA: christ
(02:09 / All) BathingApe.: MY CAPS IS BROKEN
(02:11 / All) CHuCHie: hes excited guys
(02:11 / All) timg4strOK: no hacks please
(02:14 / All) BathingApe.: ORANGE
(02:15 / All) BathingApe.: U SAID THAT
(02:18 / All) BathingApe.: 10 TIMES
(02:19 / All) BathingApe.: SORRY
(02:20 / All) BathingApe.: WERE HACKING
(02:30 / All) BathingApe.: NOT UR LUCKY DAY
(02:57 / All) TALONSAREIMBA: LP;
(02:58 / All) TALONSAREIMBA: DAM
(02:59 / All) TALONSAREIMBA: LOL
(03:05 / All) CORRUPTEDEVIL: <3
(03:08 / All) YahelisLeveled: green stabbing
(03:11 / All) YahelisLeveled: rofl
(03:23 / All) timg4strOK: No Hacking Please
(03:29 / All) YahelisLeveled: its np
(03:31 / All) YahelisLeveled: its 5v3
(03:32 / All) YahelisLeveled: gl hf
(14:31 / All) BathingApe.: bye bye
(14:39 / All) BathingApe.: 4s pros down rofl gtfo
(15:58 / All) CHuCHie: fuck u
(17:02 / All) YahelisLeveled: WHO WANTS SOME
(17:09 / All) YahelisLeveled: thatsir
(17:11 / All) YahelisLeveled: get raped
(17:12 / All) YahelisLeveled: u bitch
(19:48 / All) TALONSAREIMBA: DAM
(23:01 / All) TALONSAREIMBA: FUCK U
(23:02 / All) timg4strOK: no hacks please
(23:06 / All) CHuCHie: u still suck
(23:14 / All) KNIFE]NOOBELF: bye